 Dungeon Crawl Stone Soup version 0.28-a0-1447-ga5a8893891 (webtiles) character file.

Game seed: 17506987150675001913

2637 lunkers the Merchant of Misery (level 9, -1/63 HPs)
             Began as a Vampire Necromancer on Jan 11, 2022.
             Was a Believer of Kikubaaqudgha.
             Succumbed to a hornet's poison
             ... on level 7 of the Dungeon.
             The game lasted 00:18:10 (7853 turns).

lunkers the Merchant of Misery (VpNe)               Turns: 7853, Time: 00:18:11

Health: -1/63      AC:  7    Str:  7    XL:     9   Next: 35%
Magic:  11/18      EV: 14    Int: 27    God:    Kikubaaqudgha [**....]
Gold:   761        SH:  5    Dex: 15    Spells: 8/21 levels left

rFire   + . .      SeeInvis +   r - +1 dagger (freeze)
rCold   + + .      Faith    .   (no shield)
rNeg    . . .      Spirit   .   q - +2 robe {rC+ rF+}
rPois   .          Reflect  +   t - +1 helmet
rElec   +          Harm     .   (no cloak)
rCorr   .          Rampage  .   d - +0 pair of gloves
Will    +....                   (no boots)
Stlth   ++........              i - amulet of reflection
HPRegen 0.40/turn               c - ring of protection from cold
MPRegen 0.16/turn               h - ring of Ehiot {rElec Will+ Int+6 Slay+3}

@: lethally poisoned (-1 -> -31), healing quickly, slowed, very slow
A: alive, fangs 3, see invisible, vampiric 2
a: Exsanguinate, Renounce Religion, Receive Corpses


You were on level 7 of the Dungeon.
You worshipped Kikubaaqudgha.
Kikubaaqudgha was pleased with you.
You visited 2 branches of the dungeon, and saw 8 of its levels.

You collected 761 gold pieces.

Inventory:

Hand Weapons
 r - a +1 dagger of freezing (weapon)
Missiles
 o - 6 curare-tipped darts
Armour
 d - a +0 pair of gloves (worn)
 q - a +2 robe of resistance (worn)
 t - a +1 helmet (worn)
Jewellery
 c - a ring of protection from cold (left hand)
 h - the ring of Ehiot (right hand) {rElec Will+ Int+6 Slay+3}
   (You acquired it on level 3 of the Dungeon)

   [ring of intelligence]

   Int:       It affects your intelligence (+6).
   Slay:      It affects your accuracy & damage with ranged weapons and melee
   (+3).
   rElec:     It insulates you from electricity.
   Will:      It increases your willpower.
 i - an amulet of reflection (around neck)
Wands
 j - a wand of paralysis (4)
 n - a wand of flame (8)
Scrolls
 a - 3 scrolls of fear
 f - 2 scrolls of teleportation
 g - 3 scrolls of vulnerability
 m - 2 scrolls of blinking
 s - a scroll of amnesia {unknown}
Potions
 b - 2 potions of heal wounds
 e - 3 potions of curing
 k - a potion of might {unknown}
 l - a potion of lignification {unknown}
 p - 2 potions of berserk rage


   Skills:
 + Level 3.0 Fighting
 + Level 4.4 Dodging
 - Level 3.0 Stealth
 + Level 6.5 Spellcasting
 * Level 11.3 Necromancy


You had 8 spell levels left.
You knew the following spells:

 Your Spells              Type           Power      Damage    Failure   Level
a - Pain                  Necr           100%       1d9       1%          1
b - Vampiric Draining     Necr           63%        2d10      1%          3
c - Animate Dead          Necr           31%        N/A       1%          4
d - Agony                 Necr           63%        N/A       1%          5

Your spell library contained the following spells:

 Spells                   Type           Power      Damage    Failure   Level
 Animate Skeleton         Necr           100%       N/A       1%          1
 Foxfire                  Conj/Fire      32%        2x1d5     6%          1
 Conjure Flame            Conj/Fire      8%         6-21      19%         3
 Gell's Gravitas          Tloc           8%         N/A       19%         3
 Inner Flame              Hex/Fire       8%         N/A       19%         3
 Teleport Other           Tloc           8%         N/A       19%         3
 Flame Wave               Conj/Fire      8%         2d4       52%         4
 Dispersal                Tloc           4%         N/A       100%        6


Dungeon Overview and Level Annotations

Branches:
Dungeon (7/15)             Temple (1/1) D:4

Altars:
Ashenzari
Cheibriados
Dithmenos
Elyvilon
Fedhas
Gozag
Hepliaklqana
Kikubaaqudgha
Makhleb
Nemelex Xobeh
Okawaru
Qazlal
Ru
Sif Muna
Trog
Uskayaw
Vehumet
Wu Jian
Xom
Yredelemnul
Zin
The Shining One

Shops:
D:3 [

Annotations:
D:3 Grinder
D:4 1 runed translucent door, MadeInAbyssDelver's ghost, amateur HuDe
D:5 Edmund


Innate Abilities, Weirdness & Mutations

Your natural rate of healing is accelerated.
You have razor-sharp teeth.
You have supernaturally acute eyesight. (SInv)
You are afflicted with vampirism and can become a bat while bloodless.


Message History

You feel very sick.
The hornet stings you but does no damage.
You block the hornet's attack.
You hit the hornet but do no damage. You bite the hornet.
The hornet is severely wounded.
You feel sick. The hornet stings you.
You are more poisoned.
You feel yourself slow down.
You barely miss the hornet. You bite the hornet.
The hornet is severely wounded.
You feel very sick. The hornet misses you. The hornet stings you!
* * * LOW HITPOINT WARNING * * *
You are more poisoned.
You suddenly lose the ability to move!
You feel very sick. The hornet stings you!
* * * LOW HITPOINT WARNING * * *
You shrug off the repeated paralysis!
The hornet stings you.
* * * LOW HITPOINT WARNING * * *
You are lethally poisoned!
You feel as though you will be slow longer.
* * * LOW HITPOINT WARNING * * *
You feel very sick. The hornet stings you.
* * * LOW HITPOINT WARNING * * *
You are more poisoned.
You feel as though you will be slow longer.
You can move again.
Casting: Vampiric Draining (safe; 1% risk of failure)
Confirm with . or Enter, or press ? or * to list all spells.
Aiming: Vampiric Draining (safe; 1% risk of failure)
Press: ? - help, Shift-Dir - straight line, f/p - hornet
Aim: a hornet (severely wounded)
You draw life force from the hornet!
You kill the hornet!
Kikubaaqudgha accepts your kill.
You feel life coursing into your body.
You die...
Kikubaaqudgha rasps: "You have failed me!
Welcome... death!"

#.# #.# #.# #.## #.#
#..# #.# ##.# #.# # #.#
#.# .# # # ###.# #.#
#.#.### ## ##.#.#
#.##(......
.####....#####..@....#
.'...................#
.####....########.....#
## ##......# ......# #
##.#..##.# .##....
##.#...##.# .# ....
#.###..##.# .. ..#
##.#..###.# ## #. ##
##.#.###.#


There were no monsters in sight!

Vanquished Creatures
  Pikel (D:6)
  A hornet (D:7)
  A vampire mosquito (D:7)
  Menkaure (D:4)
  An acid dragon (D:5)
  An ice beast (D:4)
  3 necrophages
  A sky beast (D:6)
  2 ogres
  4 lemures (D:6)
  A phantom (D:5)
  3 scorpions
  A howler monkey (D:5)
  A bullfrog zombie (D:5)
  A centaur zombie (D:6)
  A jelly (D:6)
  2 orc priests
  A gnoll shaman (D:1)
  3 hounds (D:5)
  A centaur skeleton (D:5)
  2 bullfrog skeletons
  5 iguanas
  Ijyb (D:3)
  Terence (D:2)
  2 orc wizards
  A hound zombie (D:5)
  A hound skeleton (D:5)
  Robin (D:3)
  A howler monkey zombie (D:6)
  7 gnolls
  A howler monkey skeleton (D:6)
  8 adders
  A white imp (D:6)
  An ufetubus (D:5)
  2 worms
  4 dart slugs
  10 orcs
  6 bats
  7 endoplasms
  12 goblins
  12 hobgoblins
  10 jackals
  A quokka (D:1)
  7 ball pythons
  3 frilled lizards
  5 kobolds
  8 rats
151 creatures vanquished.

Vanquished Creatures (others)
  A plant (D:4)
  2 withered plants (D:4)
3 creatures vanquished.

Grand Total: 154 creatures vanquished

Notes
Turn   | Place    | Note
-------+----------+-------------------------------------------
     0 | D:1      | lunkers the Vampire Necromancer began the quest for the
                  | Orb.
     0 | D:1      | Reached XP level 1. HP: 13/13 MP: 3/3
   173 | D:1      | Reached XP level 2. HP: 16/19 MP: 0/5
   550 | D:1      | Reached skill level 5 in Necromancy
  1027 | D:1      | Gained mutation: You are afflicted with vampirism and can
                  | become a bat while bloodless. [Vampire growth]
  1027 | D:1      | Reached XP level 3. HP: 23/24 MP: 4/6
  1401 | D:1      | Learned a level 3 spell: Vampiric Draining
  1469 | D:1      | Reached XP level 4. HP: 10/30 MP: 0/8
  1671 | D:2      | Learned a level 4 spell: Animate Dead
  2137 | D:2      | Reached skill level 6 in Necromancy
  2640 | D:3      | Noticed Grinder
  2644 | D:3      | Identified a scroll of acquirement
  2644 | D:3      | Acquired the ring of Ehiot {rElec Will+ Int+6 Slay+3}
  2686 | D:4      | Reached XP level 5. HP: 24/35 MP: 4/9
  2731 | D:4      | Found a staircase to the Ecumenical Temple.
  2735 | D:4      | Noticed a necrophage
  2767 | D:4      | Killed a necrophage
  2777 | Temple   | Entered the Ecumenical Temple
  2864 | Temple   | Became a worshipper of Kikubaaqudgha
  3141 | D:4      | Reached skill level 7 in Necromancy
  3141 | D:4      | Reached XP level 6. HP: 32/41 MP: 11/11
  3270 | D:4      | You fall into a shaft and drop 3 floors!
  3470 | D:5      | Entered Level 5 of the Dungeon
  3588 | D:5      | Reached skill level 8 in Necromancy
  3655 | D:5      | Reached XP level 7. HP: 13/46 MP: 13/13
  3773 | D:5      | Noticed Edmund
  3835 | D:4      | Found a burning altar of Makhleb.
  3902 | D:4      | Noticed Menkaure
  3961 | D:3      | Noticed Ijyb
  3967 | D:3      | Noticed Terence
  3971 | D:3      | Killed Ijyb
  4022 | D:2      | Killed Terence
  4292 | D:3      | Reached * piety under Kikubaaqudgha
  4292 | D:3      | Received a gift from Kikubaaqudgha
  4466 | D:3      | Found a faded altar of an unknown god.
  4589 | D:3      | Found Buoghif's Armour Emporium.
  4970 | D:4      | Found a runed translucent door.
  5109 | D:4      | Noticed MadeInAbyssDelver's ghost (amateur HuDe)
  5109 | D:4      | Noticed Robin
  5130 | D:3      | Killed Robin
  5131 | D:3      | Reached skill level 9 in Necromancy
  5306 | D:4      | Found a stormy altar of Qazlal.
  5516 | D:4      | Killed Menkaure
  5517 | D:4      | Reached skill level 5 in Spellcasting
  5584 | D:5      | Reached XP level 8. HP: 52/52 MP: 8/15
  5788 | D:5      | Found a basalt altar of Yredelemnul.
  5810 | D:5      | Reached ** piety under Kikubaaqudgha
  6141 | D:5      | Reached skill level 10 in Necromancy
  6270 | D:5      | Reached skill level 1 in Fighting
  6910 | D:6      | Noticed Pikel
  7178 | D:6      | Killed Pikel
  7179 | D:6      | Reached skill level 11 in Necromancy
  7179 | D:6      | Reached XP level 9. HP: 60/62 MP: 13/18
  7186 | D:6      | Learned a level 5 spell: Agony
  7518 | D:7      | Found a broken altar of Ashenzari.
  7656 | D:7      | Found a hide-covered altar of Uskayaw.
  7846 | D:7      | Paralysed by a hornet for 1 turns
  7850 | D:7      | Paralysed by a hornet for 3 turns
  7853 | D:7      | Succumbed to a hornet's poison

Illustrated notes

Levels and vault maps discovered:
D:1:      dpeg_arrival_rooms_with_view, layout_basic
D:2:      layout_basic, minmay_quadrilaterals
D:3:      layout_loops_ring, shapermc_ecumenical_altar_mp_highgroup,
          serial_shops, nicolae_shop_waterfront, uniq_ijyb, uniq_grinder,
          uniq_terence
D:4:      corexii_shack_village, layout_basic,
          gammafunk_temple_overflow_forgotten,
          minmay_temple_entry_statues_fountains, gammafunk_ghost_grave,
          kennysheep_doodads, uniq_menkaure, uniq_robin
D:5:      minmay_polygon_palace, layout_basic, yredelemnul_altar_generic,
          uniq_edmund
D:6:      layout_basic, uniq_pikel
D:7:      layout_loops_corners, nicolae_uskayaw_murder_on_the_dancefloor,
          minmay_misc_feat_chi, hangedman_feature_mirror
Temple:   minmay_crystal_spiral_temple

Skill      XL: |  1  2  3  4  5  6  7  8  9 |
---------------+----------------------------+-----
Necromancy     | 5 6 7 8 9 11 | 11.3
Spellcasting   | 3 4 5 6 |  6.5
Fighting       | 2 3 |  3.0
Dodging        | 4 |  4.4
Stealth        | |  3.0

Action                   |  1- 3 |  4- 6 |  7- 9 || total
-------------------------+-------+-------+-------++-------
Melee: Unarmed           |    25 |       |       ||    25
       Bite              |     5 |     7 |    43 ||    55
       Punch             |     2 |     3 |     6 ||    11
       Dagger            |       |    76 |   261 ||   337
 Cast: Pain              |    52 |    56 |   107 ||   215
       Vampiric Draining |     1 |     3 |    35 ||    39
Evoke: Wand              |       |       |    13 ||    13
  Use: Scroll            |       |     6 |     7 ||    13
 Stab: Sleeping          |       |       |     3 ||     3
       Paralysed         |       |       |    10 ||    10
Armor: Robe              |     1 |    13 |    58 ||    72
Dodge: Dodged            |    15 |    36 |   143 ||   194
Block: Other             |       |    13 |    75 ||    88
       Reflection        |       |       |     1 ||     1

Table legend: (Time is in decaauts)
 A = Elapsed time spent in this place.
 B = Non-inter-level travel time spent in this place.
 C = Inter-level travel time spent in this place.
 D = Time resting spent in this place.
 E = Time spent auto-exploring this place.
 F = Levels seen in this place.
 G = Mean time per level.
                   A        B        C        D        E       F      G
               +--------+--------+--------+--------+--------+-----+--------+
         Total |   7862 |   7579 |    283 |    793 |   5240 |   8 |  982.8 |
       Dungeon |   7614 |   7426 |    188 |    793 |   5103 |   7 | 1087.7 |
        Temple |    248 |    153 |     95 |      0 |    137 |   1 |  248.0 |
               +--------+--------+--------+--------+--------+-----+--------+

Top non-repeatable levels by time:
     D:1: 1476 daAuts
     D:5: 1341 daAuts
     D:4: 1210 daAuts
     D:2: 1139 daAuts
     D:3: 1087 daAuts
     D:6: 933 daAuts
     D:7: 424 daAuts
  Temple: 248 daAuts
